 Dungeon Sprint DCSS version 0.22-a0-224-g8cf3520 (webtiles) character file.

141 Ghella the Ducker (level 5, 0/47 HPs)
             Began as a Gnoll Monk on Feb 19, 2018.
             Was a Believer of Ru.
             Slain by a vampire (2 damage)
             ... in the Dungeon (Sprint IX: "|||||||||||||||||||||||||||||").
             The game lasted 00:03:47 (430 turns).

Ghella the Ducker (Gnoll Monk)                       Turns: 430, Time: 00:03:48

Health: 0/47       AC:  8    Str: 15    XL:     5   Next: 24%
Magic:  9/9        EV: 17    Int: 12    God:    Ru [**....]
Gold:   0          SH:  0    Dex: 17    Spells: 10/10 levels left

rFire    + . .     SeeInvis .   m - +4 quarterstaff of a wizard's laboratory {freeze, *Corrode rF+ rC++}
rCold    + + .     Gourm    .   (shield currently unavailable)
rNeg     . . .     Faith    .   b - +0 robe
rPois    .         Spirit   .   p - +0 helmet
rElec    .         Reflect  .   (no cloak)
rCorr    .         Harm     .   (no gloves)
MR       .....     NoTele   +   o - +0 pair of boots
Stlth    +++.......             (no amulet)
HPRegen  0.15/turn              a - +2 ring of protection
MPRegen  0.11/turn              n - +2 ring of protection

@: no status effects
A: distributed training, fangs 1, unskilled 1, strong nose
a: Renounce Religion


You were in the Dungeon.
You worshipped Ru.
Ru was pleased with you.
You were not hungry.

You visited 1 branch

Inventory:

Hand Weapons
 m - the +4 quarterstaff of a wizard's laboratory (weapon) {freeze, *Corrode rF+ rC++}
   (You found it in the Dungeon)

   It has been specially enchanted to freeze those struck by it, causing extra
   injury to most foes and up to half again as much damage against particularly
   susceptible opponents.
   It can also slow down cold-blooded creatures.
   It protects you from fire.
   It greatly protects you from cold.
   It may corrode you when you take damage.
Armour
 b - a +0 robe (worn)
 o - a +0 pair of boots (worn)
 p - a +0 helmet (worn)
Jewellery
 a - a +2 ring of protection (left hand)
 n - a +2 ring of protection (right hand)
Wands
 l - a wand of acid (10)
Scrolls
 i - 2 scrolls of blinking
 j - 3 scrolls of remove curse
 k - 2 scrolls of amnesia
Potions
 d - 5 potions of curing
 e - a potion of invisibility
 f - a potion of haste
 g - 4 potions of magic
Comestibles
 c - a ration


   Skills:
 + Level 6.7 Fighting
 + Level 3.0 Short Blades
 + Level 3.0 Long Blades
 + Level 3.0 Axes
 + Level 6.7 Maces & Flails
 + Level 3.0 Polearms
 + Level 3.0 Staves
 + Level 3.0 Slings
 + Level 3.0 Bows
 + Level 3.0 Crossbows
 + Level 3.0 Throwing
 + Level 3.0 Armour
 + Level 6.7 Dodging
 + Level 4.9 Stealth
 + Level 3.0 Shields
 + Level 3.0 Unarmed Combat
 + Level 3.0 Spellcasting
 + Level 2.4 Conjurations
 + Level 2.4 Hexes
 + Level 2.4 Charms
 + Level 2.4 Summonings
 + Level 2.4 Necromancy
 + Level 2.4 Translocations
 + Level 2.4 Transmutations
 + Level 2.4 Fire Magic
 + Level 2.4 Ice Magic
 + Level 2.4 Air Magic
 + Level 2.4 Earth Magic
 + Level 2.4 Poison Magic
 + Level 3.3 Invocations
 + Level 3.0 Evocations


You had 10 spell levels left.
You didn't know any spells.

Dungeon Overview and Level Annotations

Branches:
Dungeon (1/1)

Altars:
Cheibriados
Dithmenos
Elyvilon
Fedhas
Gozag
Hepliaklqana
Kikubaaqudgha
Makhleb
Nemelex Xobeh
Okawaru
Qazlal
Ru
Sif Muna
Trog
Uskayaw
Vehumet
Wu Jian
Xom
Yredelemnul
Zin
The Shining One
Beogh
Jiyva
Lugonu


Innate Abilities, Weirdness & Mutations

Your experience applies equally to all skills.
You have very sharp teeth.
You are somewhat unskilled. (-1 Apt)
Your uncanny sense of smell can sniff out nearby items.


Message History

You completely miss the vampire. You bite the vampire, but do no damage.
The vampire is lightly damaged.
The vampire hits you but does no damage.
The vampire bites you.
The vampire draws strength from your injuries!
You hit the vampire.
The vampire is lightly damaged.
The vampire casts a spell at you. You resist with significant effort.
You hit the vampire but do no damage. Your bite misses the vampire.
The vampire is lightly damaged.
The vampire stops glowing and disappears.
Something hits you!
* * * LOW HITPOINT WARNING * * *
Something bites you!
* * * LOW HITPOINT WARNING * * *
Something draws strength from your injuries!
Unknown command.
You hit something but do no damage. Something hits you.
You die...

∆∆ ∆ ∆∆∆∆
▓▓▓▓▓▓▓▓▓▓▓▓▓▓▓▓▓▓▓▓▓▓▓▓
+.HtFo{@..[..)|..'______
▓▓▓▓▓▓▓▓▓▓▓▓▓▓▓▓▓▓▓▓▓▓▓▓


You could see a hippogriff, a crocodile, a bullfrog and an orc.

Vanquished Creatures
  A crimson imp (D)
  A quasit (D)
  A jelly (D)
  A worker ant (D)
  2 adders (D)
  A hobgoblin (D)
  A jackal (D)
  A frilled lizard (D)
  2 kobolds (D)
11 creatures vanquished.

Notes
Turn   | Place    | Note
-------+----------+-------------------------------------------
     0 | D        | Ghella the Gnoll Monk began the quest for the Orb.
     0 | D        | Reached XP level 1. HP: 23/23 MP: 1/1
    16 | D        | Reached skill level 1 in Invocations
   195 | D        | Noticed a crimson imp
   195 | D        | Noticed a worker ant
   195 | D        | Noticed a jelly
   203 | D        | Killed a jelly
   203 | D        | Reached skill level 1 in Short Blades
   203 | D        | Reached skill level 1 in Long Blades
   203 | D        | Reached skill level 1 in Axes
   203 | D        | Reached skill level 1 in Polearms
   203 | D        | Reached skill level 1 in Staves
   203 | D        | Reached skill level 1 in Slings
   203 | D        | Reached skill level 1 in Bows
   203 | D        | Reached skill level 1 in Crossbows
   203 | D        | Reached skill level 1 in Throwing
   203 | D        | Reached skill level 1 in Armour
   203 | D        | Reached skill level 1 in Shields
   203 | D        | Reached skill level 1 in Unarmed Combat
   203 | D        | Reached skill level 1 in Spellcasting
   203 | D        | Reached skill level 1 in Conjurations
   203 | D        | Reached skill level 1 in Hexes
   203 | D        | Reached skill level 1 in Charms
   203 | D        | Reached skill level 1 in Summonings
   203 | D        | Reached skill level 1 in Necromancy
   203 | D        | Reached skill level 1 in Translocations
   203 | D        | Reached skill level 1 in Transmutations
   203 | D        | Reached skill level 1 in Fire Magic
   203 | D        | Reached skill level 1 in Ice Magic
   203 | D        | Reached skill level 1 in Air Magic
   203 | D        | Reached skill level 1 in Earth Magic
   203 | D        | Reached skill level 1 in Poison Magic
   203 | D        | Reached skill level 1 in Evocations
   203 | D        | Reached XP level 2. HP: 29/29 MP: 2/4
   203 | D        | Reached XP level 3. HP: 35/35 MP: 2/5
   207 | D        | Reached XP level 4. HP: 43/43 MP: 2/7
   219 | D        | Reached skill level 5 in Stealth
   331 | D        | Found a roughly hewn altar of Beogh.
   331 | D        | Found a snail-covered altar of Cheibriados.
   331 | D        | Found a shadowy altar of Dithmenos.
   331 | D        | Found a white marble altar of Elyvilon.
   331 | D        | Found a blossoming altar of Fedhas.
   331 | D        | Found an opulent altar of Gozag.
   332 | D        | Found a hazy altar of Hepliaklqana.
   333 | D        | Found a viscous altar of Jiyva.
   334 | D        | Found an ancient bone altar of Kikubaaqudgha.
   335 | D        | Found a corrupted altar of Lugonu.
   336 | D        | Found a burning altar of Makhleb.
   337 | D        | Found a sparkling altar of Nemelex Xobeh.
   338 | D        | Found an iron altar of Okawaru.
   339 | D        | Found a stormy altar of Qazlal.
   340 | D        | Found a sacrificial altar of Ru.
   341 | D        | Found a deep blue altar of Sif Muna.
   342 | D        | Found a bloodstained altar of Trog.
   343 | D        | Found a hide-covered altar of Uskayaw.
   344 | D        | Found a radiant altar of Vehumet.
   345 | D        | Found an ornate altar of the Wu Jian Council.
   346 | D        | Found a shimmering altar of Xom.
   349 | D        | Found a basalt altar of Yredelemnul.
   350 | D        | Found a glowing silver altar of Zin.
   352 | D        | Became a worshipper of Ru the Awakened
   354 | D        | Found a glowing golden altar of the Shining One.
   368 | D        | Gained mutation: You are somewhat unskilled. (-1 Apt) [Ru sacrifice]
   368 | D        | Reached * piety under Ru
   368 | D        | Reached ** piety under Ru
   372 | D        | Got the +4 quarterstaff of a wizard's laboratory {freeze, *Corrode rF+ rC++}
   408 | D        | Noticed a hippogriff
   408 | D        | Noticed a crocodile
   408 | D        | Noticed a bullfrog
   408 | D        | Noticed a vampire
   411 | D        | Reached XP level 5. HP: 46/47 MP: 9/9
   429 | D        | HP: 2/47 [something (8)]
   430 | D        | Slain by a vampire

Vault maps used:
D:        linesprint

Skill      XL: |  1  2  3  4 |
---------------+-------------+-----
Invocations    | 2 3 |  3.3
Short Blades   | 1 2 3 |  3.0
Long Blades    | 1 2 3 |  3.0
Axes           | 1 2 3 |  3.0
Polearms       | 1 2 3 |  3.0
Staves         | 1 2 3 |  3.0
Slings         | 1 2 3 |  3.0
Bows           | 1 2 3 |  3.0
Crossbows      | 1 2 3 |  3.0
Throwing       | 1 2 3 |  3.0
Armour         | 1 2 3 |  3.0
Shields        | 1 2 3 |  3.0
Unarmed Combat | 1 2 3 |  3.0
Spellcasting   | 1 2 3 |  3.0
Conjurations   | 1 2 |  2.4
Hexes          | 1 2 |  2.4
Charms         | 1 2 |  2.4
Summonings     | 1 2 |  2.4
Necromancy     | 1 2 |  2.4
Translocations | 1 2 |  2.4
Transmutations | 1 2 |  2.4
Fire Magic     | 1 2 |  2.4
Ice Magic      | 1 2 |  2.4
Air Magic      | 1 2 |  2.4
Earth Magic    | 1 2 |  2.4
Poison Magic   | 1 2 |  2.4
Evocations     | 1 2 3 |  3.0
Fighting       | 7 6 |  6.7
Maces & Flails | 7 6 |  6.7
Dodging        | 7 6 |  6.7
Stealth        | 4 |  4.9

Action                   |  1- 3 |  4- 6 || total
-------------------------+-------+-------++-------
Melee: Mace              |    21 |    12 ||    33
       Bite              |     1 |     6 ||     7
       Quarterstaff      |       |    19 ||    19
Invok: Sacrifice Skill   |       |     1 ||     1
  Use: Potion            |     2 |     2 ||     4
 Stab: Sleeping          |     1 |     1 ||     2
Armor: Robe              |     1 |     4 ||     5
Dodge: Dodged            |    12 |    12 ||    24

Table legend:
 A = Spawn XP
 B = Non-spawn XP
 C = Spawn XP percentage of total XP
 D = Spawn monster count
 E = Non-spawn monster count
 F = Spawn count percentage of total count
 G = Total turns spent on level
                    A         B        C        D         E        F      G
               +---------+---------+-------+---------+---------+-------+---------
         Total |       0 |     202 |   0.0 |       0 |      11 |   0.0 |   430
               +---------+---------+-------+---------+---------+-------+---------
             D |       0 |     202 |   0.0 |       0 |      11 |   0.0 |   430
               +---------+---------+-------+---------+---------+-------+---------
